 Dungeon Crawl Stone Soup version 0.29-a0-1039-gfc20370e89 (webtiles) character file.

Game seed: 16195202600427147896

7711 Plasmagod the Severer (level 11, -9/105 HPs)
             Began as a Minotaur Fighter on Aug 15, 2022.
             Was a Priest of Ignis.
             Mangled by a sun demon (12 damage)
             ... summoned by a kobold demonologist
             ... on level 10 of the Dungeon.
             The game lasted 00:16:13 (8838 turns).

Plasmagod the Severer (Minotaur Fighter)            Turns: 8838, Time: 00:16:13

Health: -9/105     AC: 17    Str: 31    XL:     11   Next: 0%
Magic:  10/10      EV:  9    Int:  5    God:    Ignis [***...]
Gold:   452        SH:  4    Dex: 10    Spells: 10/10 levels left

rFire   . . .      SeeInvis .   a - +1 war axe (freeze)
rCold   + . .      Faith    .   c - +0 buckler
rNeg    + + .      Spirit   .   b - +0 scale mail
rPois   +          Reflect  .   (helmet restricted)
rElec   .          Harm     .   B - +1 cloak {rCorr}
rCorr   +          Rampage  .   (no gloves)
Will    .....                   h - +0 pair of boots
Stlth   ..........              i - amulet of the acrobat
HPRegen 0.27/turn               q - ring of Pyromania {rPois rF- rC+ rN+ Str+6}
MPRegen 0.12/turn               G - ring of positive energy

@: fiery-armoured, studying Staves
A: horns 2, retaliatory headbutt
a: Renounce Religion, Fiery Armour, Foxfire Swarm, Rising Flame


You were on level 10 of the Dungeon.
You worshipped Ignis.
Ignis was most pleased with you.
You visited 2 branches of the dungeon, and saw 11 of its levels.

You collected 452 gold pieces.

Inventory:

Hand Weapons
 a - a +1 war axe of freezing (weapon)
 A - a +1 hand axe of flaming
Missiles
 E - 5 silver javelins (quivered)
Armour
 b - a +0 scale mail (worn)
 c - a +0 buckler (worn)
 h - a +0 pair of boots (worn)
 B - a +1 cloak of preservation (worn)
Jewellery
 i - an amulet of the acrobat (around neck)
 q - the ring of Pyromania (left hand) {rPois rF- rC+ rN+ Str+6}
   (You acquired it on level 6 of the Dungeon)

   [ring of strength]

   Str:       It affects your strength (+6).
   rF:        It makes you vulnerable to fire.
   rC:        It protects you from cold.
   rPois:     It protects you from poison.
   rN:        It protects you from negative energy.
 G - a ring of positive energy (right hand)
Wands
 w - a wand of flame (24)
 x - a wand of paralysis (6)
 D - a wand of iceblast (8)
Scrolls
 f - 3 scrolls of blinking
 g - 4 scrolls of magic mapping
 j - 2 scrolls of enchant weapon
 k - 3 scrolls of identify
 o - 2 scrolls of teleportation
 p - 4 scrolls of butterflies
 s - a scroll of vulnerability {unknown}
 y - a scroll of noise {unknown}
 z - a scroll of amnesia
 C - a scroll of silence
 F - a scroll of acquirement
Potions
 d - 2 potions of might
 e - 4 potions of heal wounds
 l - 2 potions of brilliance
 m - a potion of magic {unknown}
 n - 5 potions of resistance
 r - 3 potions of flight
 t - a potion of attraction {unknown}
 u - 3 potions of curing
 v - 3 potions of lignification


   Skills:
 + Level 12.7 Fighting
 - Level 16.0 Axes
 - Level 3.6 Armour
 - Level 3.6 Shields


You had 10 spell levels left.
You didn't know any spells.
Your spell library contained the following spells:

 Spells                   Type           Power      Damage    Failure   Level
 Slow                     Hex            0%         N/A       80%         1
 Sting                    Tmut/Pois      0%         1d3       80%         1
 Poisonous Vapours        Pois/Air       0%         N/A       91%         2
 Confusing Touch          Hex            0%         N/A       99%         3
 Conjure Flame            Conj/Fire      0%         6-21      99%         3
 Gell's Gravitas          Tloc           0%         N/A       99%         3
 Ignite Poison            Fire/Tmut/Pois 0%         N/A       99%         3
 Summon Guardian Golem    Hex/Summ       0%         N/A       99%         3
 Teleport Other           Tloc           0%         N/A       99%         3
 Vampiric Draining        Necr           0%         2d6       99%         3
 Olgreb's Toxic Radiance  Pois           0%         N/A       100%        4
 Sticky Flame             Conj/Fire      0%         2d3       100%        4
 Dispersal                Tloc           0%         N/A       100%        6
 Orb of Destruction       Conj           0%         9d5       100%        7
 Spellforged Servitor     Conj/Summ      0%         N/A       100%        7


Dungeon Overview and Level Annotations

Branches:
Dungeon (10/15)            Temple (1/1) D:7            Lair (0/5) D:8
    Orc: D:9-12

Altars:
Ashenzari
Cheibriados
Dithmenos
Elyvilon
Fedhas
Gozag
Hepliaklqana
Kikubaaqudgha
Makhleb
Nemelex Xobeh
Okawaru
Qazlal
Ru
Sif Muna
Trog
Uskayaw
Vehumet
Wu Jian
Xom
Yredelemnul
Zin
The Shining One
Ignis

Shops:
D:1 !:   D:4 (

Annotations:
D:8 2 transporters, exclusion: oklob plant, dunno567's ghost, novice FoFi


Innate Abilities, Weirdness & Mutations

You have a pair of horns on your head.
You reflexively headbutt those who attack you in melee.


Message History

The kobold brigand is moderately wounded.
You hit the sun demon but do no damage.
You feel sick.
You are no longer poisoned.
You block the kobold brigand's attack. The sun demon barely misses you.
You miss the kobold brigand.
Your headbutt misses the kobold brigand.
The kobold brigand is moderately wounded.
You hit the sun demon but do no damage. You hit the white imp but do no damage.
The sun demon barely misses you. The kobold brigand closely misses you.
You barely miss the kobold brigand.
Your headbutt misses the kobold brigand.
The kobold brigand is moderately wounded.
You barely miss the white imp. You completely miss the sun demon.
The white imp closely misses you. The sun demon barely misses you.
The kobold brigand hits you with a +0 dagger.
The kobold brigand attacks as you move away!
The kobold brigand hits you with a +0 dagger.
The kobold brigand is burned by your cloak of flames.
The kobold brigand is heavily wounded.
The white imp gestures at you. The puff of frost misses you.
The sun demon attacks as you move away!
The sun demon hits you but does no damage.
The white imp laughs crazily.
You completely miss the sun demon. The sun demon hits you!
* * * LOW HITPOINT WARNING * * *
You are engulfed in flames!
* * * LOW HITPOINT WARNING * * *
The sun demon completely resists.
The sun demon attacks as you move away! The sun demon barely misses you.
You furiously retaliate!
You headbutt the sun demon, but do no damage.
You feel much better. The sun demon hits you!
* * * LOW HITPOINT WARNING * * *
You are engulfed in flames!
* * * LOW HITPOINT WARNING * * *
The sun demon completely resists.
The sun demon hits you.
* * * LOW HITPOINT WARNING * * *
You are engulfed in flames!
You die...

#+ #.## ## ...## #.
######+## #..# #.
........### ######.#####
#.
......KK'K###..........#
#.
..$...).#.55#..........#
#.
.....K34###3@..........#
#. ...<.KK5#
###..........#####.
....5.K.#
#....>....)[).##.
........#
#..........##....
........#
#..........#####.
........# #..........#
## #########
############


You could see a sun demon (summoned), a kobold demonologist, 2 kobold brigands,
a quasit (summoned) and a white imp (summoned).

Vanquished Creatures
  Harold (D:9)
  A kobold demonologist (D:9)
  2 trolls
  A hornet (D:8)
  A polar bear (D:9)
  2 wyverns
  15 yaks
  2 steam dragons
  Menkaure (D:7)
  An acid dragon (D:8)
  2 water moccasins
  A sky beast (D:5)
  2 orc warriors
  3 black bears
  4 ice beasts
  An ogre (D:5)
  A wolf (D:9)
  5 centaurs
  A necrophage (D:6)
  3 bullfrogs (D:8)
  5 scorpions
  An electric eel (D:9)
  3 jellies
  8 hounds
  Crazy Yiuf (D:6)
  An orc priest (D:5)
  2 iguanas
  6 orc wizards
  11 adders
  2 shadow imps
  A white imp (D:9)
  2 ufetubi (D:6)
  2 dart slugs
  31 orcs
  10 ball pythons
  A bat (D:1)
  5 endoplasms
  3 giant cockroaches
  3 goblins
  8 hobgoblins
  6 jackals
  4 quokkas
  4 frilled lizards
  9 kobolds
  10 rats
189 creatures vanquished.

Vanquished Creatures (others)
  15 fungi (D:8)
  25 plants
40 creatures vanquished.

Grand Total: 229 creatures vanquished

Notes
Turn   | Place    | Note
-------+----------+-------------------------------------------
     0 | D:1      | Plasmagod the Minotaur Fighter began the quest for the Orb.
     0 | D:1      | Reached XP level 1. HP: 19/19 MP: 0/0
    47 | D:1      | Found Ducanousi's Distillery.
    78 | D:1      | Reached skill level 3 in Axes
    79 | D:1      | Reached XP level 2. HP: 26/26 MP: 1/1
   158 | D:1      | Found Jiupp's Book Shop.
   527 | D:1      | Reached skill level 4 in Axes
   697 | D:1      | Found a faded altar of an unknown god.
   705 | D:1      | Noticed an eye of devastation
   709 | D:1      | Noticed a shining eye
   719 | D:1      | Noticed a great orb of eyes
   719 | D:1      | Noticed a shining eye
   725 | D:1      | Prayed at the altar of an unknown god.
   725 | D:1      | Became a worshipper of Ignis, the Dying Flame
   829 | D:1      | Reached XP level 3. HP: 31/31 MP: 2/2
  1199 | D:2      | Reached skill level 5 in Axes
  1401 | D:2      | Reached XP level 4. HP: 39/39 MP: 3/3
  1783 | D:3      | Found a glowing silver altar of Zin.
  2134 | D:4      | Found a sparkling altar of Nemelex Xobeh.
  2257 | D:4      | Reached skill level 6 in Axes
  2354 | D:4      | Reached XP level 5. HP: 29/45 MP: 4/4
  2526 | D:4      | Found Coppapp's Antique Weapon Shoppe.
  2527 | D:4      | You fall into a shaft and drop 2 floors!
  2544 | D:5      | Entered Level 5 of the Dungeon
  2544 | D:5      | Noticed a sky beast
  2548 | D:5      | Noticed an ice beast
  2572 | D:5      | Killed a sky beast
  2573 | D:5      | Reached skill level 7 in Axes
  2573 | D:5      | Reached XP level 6. HP: 33/51 MP: 5/5
  2578 | D:5      | Killed an ice beast
  2579 | D:5      | Reached skill level 8 in Axes
  2799 | D:5      | Reached skill level 9 in Axes
  2852 | D:5      | Reached XP level 7. HP: 45/57 MP: 6/6
  3234 | D:5      | Reached skill level 10 in Axes
  3782 | D:6      | Reached skill level 11 in Axes
  3826 | D:6      | Reached XP level 8. HP: 64/64 MP: 7/7
  4394 | D:6      | Found a radiant altar of Vehumet.
  4459 | D:6      | Reached skill level 12 in Axes
  4878 | D:6      | Found a runed translucent door.
  4879 | D:6      | Noticed Crazy Yiuf
  4890 | D:6      | Killed Crazy Yiuf
  5137 | D:6      | Identified a scroll of acquirement
  5137 | D:6      | Acquired the ring of Pyromania {rPois rF- rC+ rN+ Str+6}
  5286 | D:7      | Noticed Menkaure
  5292 | D:7      | Killed Menkaure
  5306 | D:7      | Reached skill level 13 in Axes
  5545 | D:7      | Found a staircase to the Ecumenical Temple.
  5594 | Temple   | Entered the Ecumenical Temple
  6535 | D:8      | Reached skill level 14 in Axes
  6535 | D:8      | Reached XP level 9. HP: 57/70 MP: 8/8
  6547 | D:8      | Found a staircase to the Lair.
  6551 | D:8      | Reached skill level 15 in Axes
  6795 | D:8      | Found a transporter.
  6810 | D:8      | Reached skill level 16 in Axes
  7030 | D:8      | Noticed an oklob plant
  7036 | D:8      | Noticed dunno567's ghost (novice FoFi)
  7037 | D:8      | Noticed a cyclops
  7046 | D:8      | Found a transporter.
  7359 | D:9      | Reached skill level 5 in Fighting
  7365 | D:9      | Reached XP level 10. HP: 46/84 MP: 9/9
  7921 | D:9      | Noticed Harold
  7930 | D:9      | Killed Harold
  7931 | D:9      | Reached skill level 10 in Fighting
  8070 | D:9      | Noticed an orange demon
  8593 | D:10     | Entered Level 10 of the Dungeon
  8633 | D:10     | Reached XP level 11. HP: 65/105 MP: 10/10
  8824 | D:10     | Noticed a sun demon
  8838 | D:10     | HP: 3/105 [sun demon[a kobold demonologist] (6)]
  8838 | D:10     | Mangled by a sun demon

Illustrated notes

Levels and vault maps discovered:
D:1:      dpeg_arrival_three_same_balls, layout_loops_ring, serial_shops, shop,
          shop_statue, hellmonk_ecumenical_altar_watching_god
D:2:      layout_loops_ring
D:3:      layout_rooms, mainiacjoe_overflow_chevrons, corexii_leaking_fountain,
          minmay_misc_feat_doors
D:4:      layout_rooms, nemelex_altar_shiori, serial_shops,
          nicolae_shop_overgrown_old_shop
D:5:      layout_rooms
D:6:      nicolae_cairo_tiling_large, layout_loops_ring,
          nicolae_vehumet_altar_sigil, lemuel_old_faithful,
          uniq_crazy_yiuf_cottage
D:7:      layout_gridville, minmay_temple_entry_antechambers,
          hangedman_abyss_or_decor_passed, uniq_menkaure
D:8:      layout_rooms, due_lair_maze_entry_diamond, nzn_ghost_randoct
D:9:      layout_big_octagon, serial_ice, serial_ice_b, serial_ice_o,
          serial_ice_k, serial_ice_a, uniq_harold
D:10:     layout_roguey
Temple:   compressed_dpeg_triangle_lava_temple

Skill      XL: |  1  2  3  4  5  6  7  8  9 10 |
---------------+-------------------------------+-----
Axes           | 3 4 5 6 7 9 11 14 16 | 16.0
Fighting       | 6 12 | 12.7
Armour         | |  3.6
Shields        | |  3.6

Action                   |  1- 3 |  4- 6 |  7- 9 | 10-12 || total
-------------------------+-------+-------+-------+-------++-------
Melee: War axe           |    85 |    71 |   198 |   111 ||   465
       Headbutt          |    10 |    10 |    33 |    19 ||    72
Invok: Fiery Armour      |       |       |     3 |     4 ||     7
  Use: Scroll            |       |       |    16 |       ||    16
       Potion            |       |       |       |     1 ||     1
Armor: Scale mail        |    35 |    25 |    87 |    41 ||   188
Dodge: Dodged            |    40 |    48 |   113 |    55 ||   256
Block: Buckler           |    14 |    24 |    49 |    10 ||    97

Table legend: (Time is in decaauts)
 A = Elapsed time spent in this place.
 B = Non-inter-level travel time spent in this place.
 C = Inter-level travel time spent in this place.
 D = Time resting spent in this place.
 E = Time spent auto-exploring this place.
 F = Levels seen in this place.
 G = Mean time per level.
                   A        B        C        D        E       F      G
               +--------+--------+--------+--------+--------+-----+--------+
         Total |   8844 |   8593 |    251 |    530 |   6818 |  11 |  804.0 |
       Dungeon |   8498 |   8247 |    251 |    530 |   6507 |  10 |  849.8 |
        Temple |    345 |    345 |      0 |      0 |    311 |   1 |  345.0 |
               +--------+--------+--------+--------+--------+-----+--------+

Top non-repeatable levels by time:
     D:6: 1429 daAuts
     D:8: 1115 daAuts
     D:5: 1048 daAuts
     D:1: 1005 daAuts
     D:7: 998 daAuts
     D:9: 924 daAuts
     D:2: 656 daAuts
     D:4: 637 daAuts
     D:3: 447 daAuts
  Temple: 345 daAuts
    D:10: 234 daAuts
